 Dungeon Crawl Stone Soup version 0.21-a0-538-gd16b88a (webtiles) character file.

30 tidbits the Grave Robber (level 3, 8/25 HPs)
             Began as a Gnoll Necromancer on Dec 15, 2017.
             Quit the game on level 3 of the Dungeon.
             The game lasted 00:02:46 (368 turns).

tidbits the Grave Robber (Gnoll Necromancer)         Turns: 368, Time: 00:02:46

Health: 8/25       AC:  2    Str: 10    XL:     3   Next: 18%
Magic:  4/9        EV: 14    Int: 18    God:
Gold:   16         SH:  0    Dex: 15    Spells: 4/12 levels left

rFire    . . .     SeeInvis .   c - 3 bread rations
rCold    . . .     Gourm    .   (no shield)
rNeg     . . .     Faith    .   f - +0 robe
rPois    .         Spirit   .   (no helmet)
rElec    .         Reflect  .   (no cloak)
rCorr    .         Harm     .   (no gloves)
MR       .....                  (no boots)
Stlth    ++++......             (no amulet)
HPRegen  0.08/turn              i - ring of stealth
MPRegen  0.11/turn              k - ring of wizardry

@: lethally poisoned (8 -> -2), flying, very slightly contaminated, hasted,
invisible, very quick
A: distributed training, fangs 1, strong nose
a: no special abilities


You were on level 3 of the Dungeon.
You were not hungry.

You visited 1 branch of the dungeon, and saw 3 of its levels.

You collected 16 gold pieces.

Inventory:

Hand Weapons
 a - a +0 dagger
 h - a +0 hunting sling
Missiles
 e - 64 arrows
 g - 40 stones (quivered)
Armour
 f - a +0 robe (worn)
Jewellery
 i - a ring of stealth (left hand)
   (You found it on level 1 of the Dungeon)
 k - a ring of wizardry (right hand)
   (You found it on level 1 of the Dungeon)
Scrolls
 d - 3 scrolls of identify {unknown}
Books
 b - a book of Necromancy

   Spells                             Type                      Level
   a - Pain                           Necromancy                   1
   b - Animate Skeleton               Necromancy                   1
   c - Vampiric Draining              Necromancy                   3
   d - Regeneration                   Charms/Necromancy            3
   e - Animate Dead                   Necromancy                   4
   f - Control Undead                 Necromancy                   4
Comestibles
 c - 3 bread rations (in hand)
 l - a royal jelly


   Skills:
 + Level 0.6 Fighting
 + Level 0.6 Short Blades
 + Level 0.6 Long Blades
 + Level 0.6 Axes
 + Level 0.6 Maces & Flails
 + Level 0.6 Polearms
 + Level 0.6 Staves
 + Level 0.6 Slings
 + Level 0.6 Bows
 + Level 0.6 Crossbows
 + Level 0.6 Throwing
 + Level 0.6 Armour
 + Level 4.5 Dodging
 + Level 4.1 Stealth
 + Level 0.6 Shields
 + Level 0.6 Unarmed Combat
 + Level 5.0 Spellcasting
 + Level 0.4 Conjurations
 + Level 0.4 Hexes
 + Level 0.4 Charms
 + Level 0.4 Summonings
 + Level 7.1 Necromancy
 + Level 0.4 Translocations
 + Level 0.4 Transmutations
 + Level 0.4 Fire Magic
 + Level 0.4 Ice Magic
 + Level 0.4 Air Magic
 + Level 0.4 Earth Magic
 + Level 0.4 Poison Magic
 + Level 0.8 Invocations
 + Level 0.6 Evocations


You had 4 spell levels left.
You knew the following spells:

 Your Spells              Type           Power        Failure   Level  Hunger
a - Pain                  Necr           ####         1%          1    None
n - Animate Skeleton      Necr           N/A          1%          1    None
r - Regeneration          Chrm/Necr      ###.......   3%          3    ##.....
v - Vampiric Draining     Necr           ####......   1%          3    ##.....


Dungeon Overview and Level Annotations

Branches:
Dungeon (3/15)

Altars:


Innate Abilities, Weirdness & Mutations

Your experience applies equally to all skills.
You have very sharp teeth.
Your uncanny sense of smell can sniff out nearby items.


Message History

Aiming: Pain
Press: ? - help, Shift-Dir - straight line, f - ooze
Aim: an ooze (chance to defeat MR: 84%)
The ooze writhes in agony!
Your skin is crawling a little less now.
Casting: Pain
Confirm with . or Enter, or press ? or * to list all spells.
Aiming: Pain
Press: ? - help, Shift-Dir - straight line, f - giant cockroach
Aim: a giant cockroach (clinging, chance to defeat MR: 93%)
The giant cockroach writhes in agony!
You kill the giant cockroach!
Casting: Pain
Confirm with . or Enter, or press ? or * to list all spells.
Aiming: Pain
Press: ? - help, Shift-Dir - straight line, f - ooze
Aim: an ooze (lightly wounded, chance to defeat MR: 84%)
The ooze barely resists.
Casting: Pain
Confirm with . or Enter, or press ? or * to list all spells.
Aiming: Pain
Press: ? - help, Shift-Dir - straight line, f/p - ooze
Aim: an ooze (lightly wounded, chance to defeat MR: 84%)
The ooze writhes in agony!
The ooze misses you.
Casting: Pain
Confirm with . or Enter, or press ? or * to list all spells.
Aiming: Pain
Press: ? - help, Shift-Dir - straight line, f/p - ooze
Aim: an ooze (moderately wounded, chance to defeat MR: 84%)
The ooze writhes in agony!
The ooze completely misses you.
Casting: Pain
Confirm with . or Enter, or press ? or * to list all spells.
You don't have enough magic to cast that spell.
Your skin stops crawling.
Found a bread ration.
Casting: Pain
Confirm with . or Enter, or press ? or * to list all spells.
Aiming: Pain
Press: ? - help, Shift-Dir - straight line, f/p - ooze
Aim: an ooze (heavily wounded, chance to defeat MR: 84%)
The ooze writhes in agony!
You kill the ooze!
Your Spellcasting skill increases to level 5!
Wield which item (- for none, * to show all)? (? for menu, Esc to quit)
c - 2 bread rations (in hand)
You swing at nothing.
You swing at nothing.
You swing at nothing.
You swing at nothing.
You swing at nothing.
You swing at nothing.
You swing at nothing.
You swing at nothing.
You swing at nothing.
A frilled lizard comes into view.
A worm comes into view.
You see here a bread ration.
c - 3 bread rations (gained 1)
Found a bubbling silvery potion.
Found 14 gold pieces.
Found a royal jelly.
An orc comes into view. It is wielding a flail.
Found a scroll labeled ESHRASS ESUIDY and a giant spiked club.
An adder comes into view.
Found a royal jelly.
You see here a bubbling silvery potion.
n - a bubbling silvery potion The orc shouts!
The adder hisses angrily.
The orc throws a poisoned tomahawk.
The poisoned tomahawk hits you.
You are poisoned.
You see here a poisoned tomahawk.
An adder comes into view.
You feel sick.
The orc throws a poisoned tomahawk.
The poisoned tomahawk hits you.
You are lethally poisoned!
Found a bread ration.
You see here a poisoned tomahawk.
* * * LOW HITPOINT WARNING * * *
You feel sick.
The orc throws a poisoned tomahawk.
The poisoned tomahawk barely misses you.
You see here a poisoned tomahawk.
It was a potion of haste.
You feel yourself speed up.
* * * LOW HITPOINT WARNING * * *
You feel sick.
The orc throws a poisoned tomahawk.
The poisoned tomahawk closely misses you.
Okay, then.
* * * LOW HITPOINT WARNING * * *
You feel sick.
Found an escape hatch in the ceiling.
* * * LOW HITPOINT WARNING * * *
You feel sick.
It was a potion of flight.
You feel very buoyant.
You fly up into the air.
It was a potion of invisibility.
You fade into invisibility!
* * * LOW HITPOINT WARNING * * *
You feel sick.
You are very lightly contaminated with residual magic.
Are you sure you want to abandon this character and quit the game? (Confirm with "yes".)

...............#
#.......o..#
#..........#
#.....(....# ..
#....(.....# .#
#...(......# .##.
#S.........###...
#....w.........#
#@..........#..##
#.$........#....#.
#.####.###........
#.......# #.#......
#.#....## #........
#.#....# ##........
#<#....# #..#......
#.##.#####..#......
#........##......


You could see a worm, an adder and an orc.

Vanquished Creatures
  An ooze (D:3)
  2 dart slugs (D:1)
  A leopard gecko (D:3)
  A ball python (D:2)
  2 bats (D:1)
  3 giant cockroaches
  2 hobgoblins
  3 kobolds
  A frilled lizard (D:3)
  2 goblins
  A rat (D:1)
19 creatures vanquished.

Notes
Turn   | Place    | Note
-------+----------+-------------------------------------------
     0 | D:1      | tidbits the Gnoll Necromancer began the quest for the Orb.
     0 | D:1      | Reached XP level 1. HP: 13/13 MP: 6/6
    83 | D:1      | Reached XP level 2. HP: 13/19 MP: 5/7
    86 | D:1      | Learned a level 1 spell: Animate Skeleton
   311 | D:3      | Reached XP level 3. HP: 15/25 MP: 6/9
   316 | D:3      | Learned a level 3 spell: Vampiric Draining
   320 | D:3      | Learned a level 3 spell: Regeneration
   331 | D:3      | Reached skill level 5 in Spellcasting
   368 | D:3      | Quit the game

Vault maps used:
D:1:      dpeg_arrival_stonehenge_12_columns
D:2:      uniq_terence
D:3:      cheibrodos_pilgrimage, eat_drink_and_be_merry_uskayaw, first_bread

Skill      XL: |  1  2  3 |
---------------+----------+-----
Spellcasting   | 5 |  5.0
Fighting       | |  0.6
Short Blades   | |  0.6
Long Blades    | |  0.6
Axes           | |  0.6
Maces & Flails | |  0.6
Polearms       | |  0.6
Staves         | |  0.6
Slings         | |  0.6
Bows           | |  0.6
Crossbows      | |  0.6
Throwing       | |  0.6
Armour         | |  0.6
Dodging        | |  4.5
Stealth        | |  4.1
Shields        | |  0.6
Unarmed Combat | |  0.6
Conjurations   | |  0.4
Hexes          | |  0.4
Charms         | |  0.4
Summonings     | |  0.4
Necromancy     | |  7.1
Translocations | |  0.4
Transmutations | |  0.4
Fire Magic     | |  0.4
Ice Magic      | |  0.4
Air Magic      | |  0.4
Earth Magic    | |  0.4
Poison Magic   | |  0.4
Invocations    | |  0.8
Evocations     | |  0.6

Action                   || total
-------------------------++-------
Melee: Dagger            ||     2
 Cast: Pain              ||    32
       Regeneration      ||     1
  Use: Potion            ||     3
 Stab: Sleeping          ||     1
Dodge: Dodged            ||     7

Table legend:
 A = Spawn XP
 B = Non-spawn XP
 C = Spawn XP percentage of total XP
 D = Spawn monster count
 E = Non-spawn monster count
 F = Spawn count percentage of total count
 G = Total turns spent on level
                    A         B        C        D         E        F      G
               +---------+---------+-------+---------+---------+-------+---------
         Total |       0 |      43 |   0.0 |       0 |      19 |   0.0 |   368
               +---------+---------+-------+---------+---------+-------+---------
           D:1 |       0 |      22 |   0.0 |       0 |      10 |   0.0 |   204
           D:2 |       0 |       6 |   0.0 |       0 |       4 |   0.0 |    49
           D:3 |       0 |      15 |   0.0 |       0 |       5 |   0.0 |   115
               +---------+---------+-------+---------+---------+-------+---------

Table legend:
 A = Turns spent in this place as a percentage of turns spent in the entire game.
 B = Non-inter-level travel turns spent in this place as a percentage of non-inter-level travel turns spent in the entire game.
 C = Inter-level travel turns spent in this place as a percentage of turns spent in this place.
 D = Turns resting spent in this place as a percentage of non-inter-level travel turns spent in this place.
 E = Turns spent auto-exploring this place as a percentage of non-inter-level travel turns spent in this place.
 F = Non-inter-level travel turns spent in this place divided by the number of levels of this place that you've seen.
                   A       B       C       D       E      F
               +-------+-------+-------+-------+-------+----------------------
         Total | 100.0 | 100.0 |   0.0 |   0.0 |   0.0 | 122.7
       Dungeon | 100.0 | 100.0 |   0.0 |   0.0 |   0.0 | 122.7
               +-------+-------+-------+-------+-------+----------------------

Table legend:
 A = Kills in this place as a percentage of kills in entire the game.
 B = Kills by you in this place as a percentage of kills by you in the entire game.
 C = Kills by friends in this place as a percentage of kills by friends in the entire game.
 D = Other kills in this place as a percentage of other kills in the entire game.
 E = Experience gained in this place as a percentage of experience gained in the entire game.
 F = Experience gained in this place divided by the number of levels of this place that you have seen.
                   A       B       C       D       E      F
               +-------+-------+-------+-------+-------+----------------------
         Total | 100.0 | 100.0 |   N/A |   N/A | 100.0 |  14.3
       Dungeon | 100.0 | 100.0 |   N/A |   N/A | 100.0 |  14.3
               +-------+-------+-------+-------+-------+----------------------

Vault maps used:
D:1:      dpeg_arrival_stonehenge_12_columns
D:2:      uniq_terence
D:3:      cheibrodos_pilgrimage, eat_drink_and_be_merry_uskayaw, first_bread
